 Dungeon Crawl Stone Soup version 0.19-a0-1260-gc94d3f7 (webtiles) character file.

2479 PurpleRed the Destroyer (level 9, -7/45 HPs)
             Began as a Deep Elf Conjurer on Aug 28, 2016.
             Was a Follower of Vehumet.
             Mangled by a yak (13 damage)
             ... on level 9 of the Dungeon.
             The game lasted 00:22:07 (2072 turns).

PurpleRed the Destroyer (Deep Elf Conjurer)         Turns: 2072, Time: 00:22:08

Health: -7/45      AC:  7    Str:  5    XL:     9   Next: 27%
Magic:  3/23       EV: 13    Int: 24    God:    Vehumet [*.....]
Gold:   52         SH:  0    Dex: 21    Spells: 4 memorised, 13 levels left

rFire  . . .     SeeInvis +     x - +0 halberd (protect) (curse)
rCold  . . .     Gourm    .     a - +0 robe
rNeg   . . .     Faith    .     (shield currently unavailable)
rPois  .         Spirit   .     (no helmet)
rElec  .         Dismiss  .     (no cloak)
rCorr  .         Reflect  .     (no gloves)
MR     .....     Harm     .     (no boots)
Stlth  ++........               (no amulet)
                                w - +6 ring of dexterity
                                l - ring of see invisible

@: no status effects
A: no striking features
a: Renounce Religion


You were on level 9 of the Dungeon.
You worshipped Vehumet.
Vehumet was aware of your devotion.
You were not hungry.

You visited 2 branches of the dungeon, and saw 10 of its levels.

You collected 206 gold pieces.
You spent 154 gold pieces at shops.

Inventory:

Hand Weapons
 q - a +2 whip of flaming
 x - a cursed +0 halberd of protection (weapon)
 y - a cursed -2 scimitar
Armour
 a - a +0 robe (worn)
 v - a +0 buckler
Jewellery
 k - an uncursed ring of positive energy
 l - a ring of see invisible (left hand)
 w - a +6 ring of dexterity (right hand)
Wands
 s - a wand of digging (8/24)
Scrolls
 e - 3 scrolls of teleportation
 t - 2 scrolls of random uselessness
 u - a scroll of magic mapping
Potions
 d - 2 potions of curing
 f - a potion of cancellation
 g - a potion of flight
 h - 2 potions of agility
 i - 2 potions of heal wounds {unknown}
 j - 2 potions of cure mutation {unknown}
 m - a potion of ambrosia
 o - 2 potions of brilliance {unknown}
 r - a potion of mutation {unknown}
 A - a potion of magic
 B - a potion of might {unknown}
Books
 b - a book of Conjurations

   Spells                             Type                      Level
   a - Magic Dart                     Conjuration                  1
   b - Searing Ray                    Conjuration                  2
   c - Dazzling Spray                 Conjuration/Hexes            3
   d - Fulminant Prism                Conjuration/Hexes            4
   e - Iskenderun's Mystic Blast      Conjuration                  4
   f - Iskenderun's Battlesphere      Conjuration/Charms           5
Comestibles
 c - 4 bread rations
 n - a slice of pizza
 p - a meat ration


   Skills:
 - Level 2.4 Dodging
 - Level 2.4 Stealth
 + Level 1.4 Shields
 + Level 8.6 Spellcasting
 * Level 11.0 Conjurations
 - Level 7.1 Charms


You had 13 spell levels left.
You knew the following spells:

 Your Spells              Type           Power        Failure   Level  Hunger
a - Magic Dart            Conj           ####         1%          1    None
b - Searing Ray           Conj           ######       1%          2    None
c - Iskenderun's Mystic   Conj           ######..     1%          4    ##.....
d - Iskenderun's Battles  Conj/Chrm      ######..     4%          5    ####...


Dungeon Overview and Level Annotations

Branches:
Dungeon (9/15)             Temple (1/1) D:7            Lair (0/6) D:8
    Orc: D:9-12

Altars:
Cheibriados
Dithmenos
Fedhas
Kikubaaqudgha
Nemelex Xobeh
Okawaru
Qazlal
Ru
Sif Muna
Vehumet
Xom
The Shining One

Shops:
D:7 !


Message History

Press: ? - help, Shift-Dir - straight line, f - river rat
Aim: a river rat (severely wounded)
The searing ray hits the river rat.
The river rat is severely wounded.
The river rat barely misses you. The yak gores you!
* * * LOW HITPOINT WARNING * * *
The yak barely misses you.
Unknown command.
Okay, then.
Okay, then.
Casting: Searing Ray
Confirm with . or Enter, or press ? or * to list all spells.
Aiming: Iskenderun's Mystic Blast
Press: ? - help, Shift-Dir - straight line, f/p - river rat
Aim: a river rat (severely wounded)
The orb of energy hits the river rat.
You kill the river rat!
Vehumet accepts your kill. The yak gores you!
You die...

#. #..#.# #.#### #.>#.#
#.#.. #..#.# #.#.# #..#.#
###.#.## . # #..#.#
#..#....
..#.###..#.##.######.#.#.##
.........#†#...........#.#.
........##@# .#####.####.#.
....##...YY# #.# #.# #
#.##### #.# #.. #. #.# ###
#. #.# #. #.# #. ... #. #..
#. ....


You could see 2 yaks.

Vanquished Creatures
  Pikel (D:6)
  2 basilisks (D:8)
  2 yaks
  3 porcupines (D:8)
  An orc warrior (D:8)
  A sky beast (D:6)
  A slave (D:6)
  An ogre (D:5)
  2 crocodiles (D:8)
  A big kobold (D:8)
  A giant frog (D:6)
  5 wights (D:7)
  A howler monkey (D:4)
  A crimson imp (D:7)
  2 jellies
  3 iguanas
  2 worker ants (D:8)
  A mummy (D:7)
  3 adders
  3 river rats
  2 shadow imps
  An ooze (D:1)
  A worm (D:2)
  A dart slug (D:1)
  4 giant geckos
  3 orcs (D:8)
  4 giant cockroaches
  A hobgoblin (D:2)
  A jackal (D:3)
  A quokka (D:8)
  2 bats (D:1)
  3 giant newts
  2 goblins (D:2)
  A jackal zombie (D:8)
  3 kobolds (D:8)
  2 rats (D:2)
69 creatures vanquished.

Vanquished Creatures (others)
  An adder (D:6)
  2 bushes (D:8)
  2 fungi (D:8)
  7 plants (D:8)
12 creatures vanquished.

Grand Total: 81 creatures vanquished

Notes
Turn   | Place    | Note
-------+----------+-------------------------------------------
     0 | D:1      | PurpleRed the Deep Elf Conjurer began the quest for the Orb.
     0 | D:1      | Reached XP level 1. HP: 10/10 MP: 6/6
   176 | D:1      | Reached XP level 2. HP: 15/15 MP: 4/8
   180 | D:1      | Learned a level 2 spell: Searing Ray
   243 | D:2      | Reached skill level 5 in Conjurations
   554 | D:5      | Entered Level 5 of the Dungeon
   559 | D:5      | Noticed an ogre
   569 | D:5      | Killed an ogre
   569 | D:5      | Reached skill level 6 in Conjurations
   569 | D:5      | Reached XP level 3. HP: 13/19 MP: 1/10
   569 | D:5      | Reached XP level 4. HP: 16/24 MP: 1/12
   575 | D:5      | Learned a level 4 spell: Iskenderun's Mystic Blast
   647 | D:5      | You fall through a shaft for 2 floors!
   668 | D:7      | Found a sacrificial altar of Ru.
   668 | D:7      | Found a glowing golden altar of the Shining One.
   743 | D:6      | Noticed Pikel
   743 | D:6      | Noticed a slave
   744 | D:6      | Noticed a slave
   745 | D:6      | Noticed a slave
   745 | D:6      | Noticed a slave
   756 | D:6      | Killed a slave
   783 | D:6      | Killed Pikel
   783 | D:6      | Reached skill level 8 in Conjurations
   783 | D:6      | Reached XP level 5. HP: 14/28 MP: 2/15
   783 | D:6      | Reached XP level 6. HP: 16/32 MP: 2/17
   783 | D:6      | Reached XP level 7. HP: 18/36 MP: 2/18
   945 | D:6      | Reached skill level 9 in Conjurations
   959 | D:6      | Learned a level 5 spell: Iskenderun's Battlesphere
  1200 | D:4      | Found a sacrificial altar of Ru.
  1235 | D:4      | Reached skill level 1 in Charms
  1320 | D:7      | Found Weis's Distillery.
  1326 | D:7      | Bought a potion of magic for 112 gold pieces
  1326 | D:7      | Bought a potion of curing for 42 gold pieces
  1335 | D:7      | Found a snail-covered altar of Cheibriados.
  1424 | D:7      | Reached XP level 8. HP: 34/41 MP: 6/20
  1433 | D:7      | Found a staircase to the Ecumenical Temple.
  1442 | Temple   | Entered the Ecumenical Temple
  1457 | Temple   | Became a worshipper of Vehumet
  1639 | D:8      | Reached skill level 5 in Charms
  1641 | D:8      | Reached skill level 10 in Conjurations
  1847 | D:8      | Reached XP level 9. HP: 34/45 MP: 2/23
  1965 | D:8      | Reached * piety under Vehumet
  1965 | D:8      | Offered knowledge of Freeze by Vehumet.
  1965 | D:8      | Reached skill level 1 in Shields
  1989 | D:8      | Reached skill level 11 in Conjurations
  2059 | D:8      | Found a staircase to the Lair.
  2072 | D:9      | Mangled by a yak

Vault maps used:
D:1:      dpeg_arrival_arbitrary_a
D:4:      columned_hall_lemuel, hangedman_ru_absence
D:5:      first_bread, minmay_misc_feat_rows
D:6:      uniq_prince_ribbit1, uniq_pikel
D:7:      gammafunk_temple_overflow_statue, slow_altar_1, serial_shops, shop
D:8:      minmay_lair_entry_grove
D:9:      serial_shops, shop
Temple:   eino_narrow_crystal_temple

Skill      XL: |  1  2  3  4  5  6  7  8  9 |
---------------+----------------------------+-----
Conjurations   | 6 8 9 10 11 | 11.0
Spellcasting   | 4 6 7 8 |  8.6
Charms         | 3 7 |  7.1
Shields        | 1 |  1.4
Dodging        | |  2.4
Stealth        | |  2.4

Action                   |  1- 3 |  4- 6 |  7- 9 || total
-------------------------+-------+-------+-------++-------
Melee: Short sword       |    19 |     1 |       ||    20
       Whip              |       |       |     4 ||     4
       Halberd           |       |       |    34 ||    34
 Cast: Magic Dart        |    28 |     2 |    34 ||    64
       Searing Ray       |     4 |     4 |    24 ||    32
       Iskenderun's Batt |       |       |     6 ||     6
       Iskenderun's Myst |       |       |     1 ||     1
  Use: Scroll            |     2 |       |    11 ||    13
 Stab: Sleeping          |       |     1 |     1 ||     2
  Eat: Chunk             |       |       |     5 ||     5
Armor: Robe              |     9 |     1 |    13 ||    23
Dodge: Dodged            |    35 |     6 |    40 ||    81
